 Dungeon Crawl Stone Soup version 0.24-a0-803-gfe114aa (webtiles) character file.

Game seed: 4035573194050997351, levelgen mode: deterministic

104 2tousent the Insei (level 4, 0/35 HPs)
             Began as a Draconian Transmuter on Oct 10, 2019.
             Slain by a centaur (8 damage)
             ... on level 3 of the Dungeon.
             The game lasted 00:06:54 (1614 turns).

2tousent the Insei (Draconian Transmuter)           Turns: 1614, Time: 00:06:55

Health: 0/35       AC:  6    Str: 12    XL:     4   Next: 52%
Magic:  7/7        EV: 12    Int: 13    God:
Gold:   104        SH:  0    Dex: 13    Spells: 2/8 levels left

rFire    . . .     SeeInvis .     - Unarmed
rCold    . . .     Gourm    +   (no shield)
rNeg     . . .     Faith    .   (armour unavailable)
rPois    .         Spirit   .   (helmet restricted)
rElec    .         Reflect  .   j - +0 cloak
rCorr    .         Harm     .   (no gloves)
MR       .....                  (no boots)
Stlth    +.........             e - amulet of the gourmand
HPRegen  0.11/turn              (no ring)
MPRegen  0.10/turn              (no ring)

@: appendage (expiring)
A: unfitting armour, horns 2, cold-blooded, AC +5
a: End Transformation


You were on level 3 of the Dungeon.
You were full.
You had grown temporary horns.
You visited 1 branch of the dungeon, and saw 3 of its levels.

You collected 104 gold pieces.

Inventory:

Missiles
 a - 29 arrows
Armour
 j - a +0 cloak (worn)
Jewellery
 e - an amulet of the gourmand (around neck)
Scrolls
 b - 2 scrolls of enchant armour {unknown}
 d - 2 scrolls of remove curse {unknown}
 f - 3 scrolls of identify {unknown}
 h - a scroll of noise {unknown}
 i - a scroll of enchant weapon {unknown}
Potions
 g - a potion of ambrosia {unknown}
Comestibles
 c - 4 rations


   Skills:
 - Level 1.1 Fighting
 - Level 1.7 Dodging
 * Level 4.1 Unarmed Combat
 + Level 2.6 Spellcasting
 * Level 3.4 Transmutations


You had 2 spell levels left.
You knew the following spells:

 Your Spells              Type           Power        Failure   Level  Hunger
a - Beastly Appendage     Tmut           ##....       6%          1    #......
b - Spider Form           Tmut/Pois      #.........   34%         3    ###....
c - Sticks to Snakes      Tmut           ##......     9%          2    ###....

Your spell library contained the following spells:

 Spells                   Type           Power        Failure   Level  Hunger
 Ice Form                 Ice/Tmut       #.......     75%         4    #####..
 Blade Hands              Tmut           ##........   86%         5    ######.


Dungeon Overview and Level Annotations

Branches:
Dungeon (3/15)

Altars:
Cheibriados
Dithmenos
Fedhas


Innate Abilities, Weirdness & Mutations

Your plain brown scales are hard. (AC +5)
You cannot fit into any form of body armour.
You are cold-blooded and may be slowed by cold attacks.
You have a pair of horns on your head.


Message History

The adder hisses angrily.
The centaur unwields a +0 shortbow.
The centaur hits you.
The adder moves out of view.
You hit the centaur but do no damage.
Your tail-slap misses the centaur.
The centaur hits you. The goblin hits you but does no damage.
You hit the centaur but do no damage. You headbutt the centaur.
The centaur is lightly wounded.
The centaur hits you.
A rat comes into view.
The centaur hits you. The goblin hits you.
* * * LOW HITPOINT WARNING * * *
You punch the centaur!
You headbutt the centaur, but do no damage.
The centaur is heavily wounded.
The centaur barely misses you. The goblin hits you but does no damage.
You hit the centaur.
The centaur is heavily wounded.
Your transformation is almost over.
The centaur hits you!
You die...

.... #.#.#
..$..###.#.### .
#...<.....# ..
#....(....###.#
#.............#
#...>....(...##.
...##.........#
.. #......g..# .
#######@..#
#c### #o#


.rS ... ..(.. ..... ....... You could see a centaur, an adder, an orc, a goblin
and a rat.

Vanquished Creatures
  5 adders (D:2)
  An ooze (D:2)
  A dart slug (D:2)
  A leopard gecko (D:2)
  9 bats
  3 giant cockroaches
  5 hobgoblins
  2 quokkas (D:2)
  2 frilled lizards
  5 goblins
  9 kobolds
  A rat (D:1)
44 creatures vanquished.

Vanquished Creatures (collateral kills)
  An adder (D:2)
  A bat (D:2)
2 creatures vanquished.

Grand Total: 46 creatures vanquished

Notes
Turn   | Place    | Note
-------+----------+-------------------------------------------
     0 | D:1      | 2tousent the Draconian Transmuter began the quest for the
                  | Orb.
     0 | D:1      | Reached XP level 1. HP: 16/16 MP: 3/3
   251 | D:1      | Reached XP level 2. HP: 23/23 MP: 5/5
   770 | D:2      | Learned a level 2 spell: Sticks to Snakes
   780 | D:2      | Reached XP level 3. HP: 18/28 MP: 3/6
   781 | D:2      | Found a shadowy altar of Dithmenos.
  1109 | D:2      | Found a snail-covered altar of Cheibriados.
  1216 | D:2      | Reached XP level 4. HP: 30/35 MP: 5/7
  1242 | D:2      | Learned a level 3 spell: Spider Form
  1278 | D:2      | Reached skill level 4 in Unarmed Combat
  1557 | D:2      | Found a blossoming altar of Fedhas.
  1605 | D:3      | Noticed a centaur
  1614 | D:3      | Slain by a centaur

Levels and vault maps discovered:
D:1:      tarquinn_simple_flora_water_f, layout_basic, minmay_misc_feat_chi
D:2:      layout_loops_ring, nicolae_dithmenos_shadow_blocks, marbit_many_paths,
          lemuel_round_altar, first_ration
D:3:      layout_rooms, yredelemnul_forgotten_temple_becter

Skill      XL: |  1  2  3  4 |
---------------+-------------+-----
Transmutations | 3 |  3.4
Unarmed Combat | 4 |  4.1
Fighting       | |  1.1
Dodging        | |  1.7
Spellcasting   | |  2.6

Action                   |  1- 3 |  4- 6 || total
-------------------------+-------+-------++-------
Melee: Unarmed           |   128 |    33 ||   161
       Tailslap          |    14 |     3 ||    17
       Headbutt          |     5 |     3 ||     8
       Kick              |     3 |       ||     3
 Cast: Beastly Appendage |    10 |     6 ||    16
       Sticks to Snakes  |     2 |       ||     2
  Eat: Chunk             |    13 |     1 ||    14
Armor: Skin              |    52 |    14 ||    66
Dodge: Dodged            |    88 |    20 ||   108

Table legend:
 A = Non-vault XP
 B = Vault XP
 C = Vault XP percentage of total XP
 D = Non-vault monster count
 E = Vault monster count
 F = Vault count percentage of total count
                 A         B        C        D         E       F
            +---------+---------+-------+---------+---------+-------
      Total |     145 |       4 |   2.7 |      45 |       1 |   2.2
            +---------+---------+-------+---------+---------+-------
        D:1 |      33 |       0 |   0.0 |      22 |       0 |   0.0
        D:2 |     112 |       4 |   3.4 |      23 |       1 |   4.2
            +---------+---------+-------+---------+---------+-------
